 Dungeon Crawl Stone Soup version 0.26-a0-854-gdc81c2f471 (webtiles) character file.

Game seed: 7873076548018294701

1519 robertstho the Magician (level 8, -4/42 HPs)
             Began as a Deep Elf Fire Elementalist on Nov 23, 2020.
             Slain by a black bear (13 damage)
             ... on level 5 of the Dungeon.
             The game lasted 00:13:53 (7080 turns).

robertstho the Magician (DEFE)                      Turns: 7080, Time: 00:13:55

Health: -4/42      AC:  3    Str:  5    XL:     8   Next: 54%
Magic:  8/21       EV: 14    Int: 23    God:
Gold:   416        SH:  0    Dex: 15    Spells: 9/22 levels left

rFire    . . .     SeeInvis .   s - +4 hand axe
rCold    . . .     Faith    .   (no shield)
rNeg     . . .     Spirit   .   a - +0 robe
rPois    .         Reflect  .   b - +0 helmet
rElec    .         Harm     .   i - scarf {shadows}
rCorr    +         Rampage  .   (no gloves)
MR       .....                  (no boots)
Stlth    ++........             (no amulet)
HPRegen  0.14/turn              l - ring of resist corrosion
MPRegen  0.17/turn              (no ring)

@: no status effects
A: no striking features
a: no special abilities


You were on level 5 of the Dungeon.
You visited 1 branch of the dungeon, and saw 6 of its levels.
You also visited: Ossuary.

You collected 416 gold pieces.

Inventory:

Hand Weapons
 e - a +0 spear
 n - a +2 short sword of speed
 s - a +4 hand axe (weapon)
Missiles
 B - a throwing net (quivered)
Armour
 a - a +0 robe (worn)
 b - a +0 helmet (worn)
 i - a scarf of shadows (worn)
Jewellery
 l - a ring of resist corrosion (left hand)
Wands
 p - a wand of polymorph (8)
 v - a wand of enslavement (7)
 C - a wand of acid (7)
Scrolls
 f - 2 scrolls of remove curse
 o - a scroll of enchant weapon
 t - a scroll of torment {unknown}
 w - a scroll of immolation
 A - a scroll of fear {unknown}
Potions
 c - 5 potions of curing
 d - 2 potions of heal wounds
 g - a potion of cancellation
 h - 2 potions of flight {unknown}
 j - 6 potions of degeneration {unknown}
 m - a potion of lignification {unknown}
 q - a potion of magic {unknown}
 r - 3 potions of resistance
 u - a potion of berserk rage {unknown}
 x - 3 potions of haste
 z - 2 potions of mutation


   Skills:
 + Level 0.9 Fighting
 + Level 1.4 Axes
 + Level 3.4 Dodging
 + Level 3.4 Stealth
 + Level 0.7 Unarmed Combat
 * Level 7.8 Spellcasting
 * Level 6.5 Conjurations
 * Level 6.9 Fire Magic


You had 9 spell levels left.
You knew the following spells:

 Your Spells              Type           Power        Failure   Level
a - Foxfire               Conj/Fire      ###.         1%          1
b - Conjure Flame         Conj/Fire      ###.....     1%          3
c - Sticky Flame          Conj/Fire      ###.....     4%          4
d - Fireball              Conj/Fire      ###.......   12%         5

Your spell library contained the following spells:

 Spells                   Type           Power        Failure   Level
 Inner Flame              Hex/Fire       ##......     4%          3
 Iskenderun's Battlesphe  Conj           ###.....     13%         5
 Bolt of Magma            Conj/Fire/Erth ##........   30%         5
 Iron Shot                Conj/Erth      ##........   96%         6
 Orb of Destruction       Conj           ###.......   99%         7
 Spellforged Servitor     Conj/Summ      ##........   100%        7


Dungeon Overview and Level Annotations

Branches:
Dungeon (6/15)             Temple (0/1) D:6         Ossuary (visited)

Altars:
Hepliaklqana
Okawaru
Trog
Xom
Zin
Beogh

Annotations:
D:3 3 runed translucent doors, Demosthentine's ghost, amateur FoFi


Message History

The black bear is covered in liquid flames!
The black bear burns!
The black bear bites you. The black bear claws you.
The black bear closely misses you.
The black bear burns!
Things that are here:
a +0 dire flail of holy wrath; a +0 ring mail; the human corpse of Edmund The black bear burns!
You see here a worker ant corpse.
The black bear burns!
There is a stone staircase leading up, spattered with blood here.
The black bear burns!
The black bear goes berserk!
You climb upwards.
There is a stone staircase leading down here.
Casting: Sticky Flame (dangerous; 4% risk of failure)
Confirm with . or Enter, or press ? or * to list all spells.
You feel a numb sensation.
You conjure some foxfire!
The black bear burns!
The black bear bites you! The black bear claws you. x2
* * * LOW HITPOINT WARNING * * *
The black bear bites you!
You die...

.........#...# ##.# ##########
##...#..#....# #..# #.#
##.....#..#)#####.## #.#
....#.<#..#.##....# ##.####
###.#..#..#.##...##########..8..#
.......#.........................
...................#######.8...8.
..#.#.)...>........##### #.......
#.#.#........._.@v.....###...8...
#.#.#.....###..h.v..##....)......
........#.# #.#####.######.......
#.#.##.##.# #.# #.# #.......
#.#.##.##.###.# #.# #.......
(.#.........†.# #.# ####.###
############### #.# #.# #.# #.#
#.# #.#


You could see a black bear (berserk, burning).

Vanquished Creatures
  Prince Ribbit (D:5)
  Menkaure (D:5)
  Edmund (D:6)
  A sky beast (D:5)
  An ice beast (D:5)
  An ogre (D:5)
  A phantom (D:5)
  A scorpion (D:5)
  A howler monkey (D:4)
  A hound (D:5)
  An orc wizard (D:4)
  Natasha (thrice) (D:2)
  7 worker ants
  A big kobold zombie (Ossuary)
  2 mummies (Ossuary)
  11 gnolls
  A howler monkey skeleton (D:4)
  7 adders
  A shadow imp (D:5)
  3 white imps (D:5)
  2 adder zombies (Ossuary)
  3 worms
  2 dart slugs
  3 leopard geckos (D:2)
  11 orcs
  6 giant cockroaches
  A gnoll zombie (Ossuary)
  7 goblins
  4 hobgoblins
  2 jackals (D:5)
  3 quokkas
  3 bats
  5 frilled lizards
  A goblin zombie (Ossuary)
  A jackal zombie (Ossuary)
  9 kobolds
  5 rats
115 creatures vanquished.

Vanquished Creatures (others)
  512 foxfires
512 creatures vanquished.

Grand Total: 627 creatures vanquished

Notes
Turn   | Place    | Note
-------+----------+-------------------------------------------
     0 | D:1      | robertstho the Deep Elf Fire Elementalist began the quest
                  | for the Orb.
     0 | D:1      | Reached XP level 1. HP: 10/10 MP: 6/6
   622 | D:1      | Reached XP level 2. HP: 15/15 MP: 5/8
  1436 | D:2      | Noticed Natasha
  1445 | D:2      | Killed Natasha
  1446 | D:2      | Reached XP level 3. HP: 19/19 MP: 1/10
  1597 | D:2      | Reached XP level 4. HP: 24/24 MP: 3/11
  1795 | D:2      | Reached skill level 4 in Spellcasting
  1903 | D:2      | Noticed Natasha
  1911 | D:2      | Killed Natasha
  1912 | D:2      | Reached XP level 5. HP: 28/28 MP: 7/13
  1991 | D:2      | Found a glowing silver altar of Zin.
  2639 | D:2      | Noticed Natasha
  2644 | D:2      | Killed Natasha
  2881 | D:2      | Found a hazy altar of Hepliaklqana.
  3110 | D:3      | Found a runed translucent gate.
  3110 | D:3      | Found a runed translucent gate.
  3110 | D:3      | Found a runed translucent gate.
  3113 | D:3      | Noticed Demosthentine's ghost (amateur FoFi)
  3117 | D:3      | Found a roughly hewn altar of Beogh.
  3117 | D:3      | Identified the +1 leather armour of the Jolly Mouths {*Slow
                  | rPois rN+ Dex+2}
  3756 | D:3      | Learned a level 3 spell: Conjure Flame
  3761 | D:3      | Learned a level 4 spell: Sticky Flame
  3767 | D:3      | Learned a level 5 spell: Fireball
  3808 | D:4      | Reached skill level 5 in Fire Magic
  3898 | D:4      | Reached skill level 5 in Spellcasting
  3898 | D:4      | Reached XP level 6. HP: 27/32 MP: 3/15
  4795 | D:5      | Entered Level 5 of the Dungeon
  4882 | D:5      | Found an iron altar of Okawaru.
  4898 | D:5      | Reached skill level 5 in Conjurations
  4908 | D:5      | Noticed a sky beast
  4916 | D:5      | Found a sand-covered staircase.
  4924 | Ossuary  | Entered an ossuary
  5047 | Ossuary  | Reached XP level 7. HP: 33/36 MP: 0/17
  5393 | D:5      | Noticed Menkaure
  5399 | D:5      | Killed Menkaure
  5400 | D:5      | Reached skill level 6 in Spellcasting
  5838 | D:5      | Reached skill level 1 in Axes
  6114 | D:5      | Reached XP level 8. HP: 42/42 MP: 11/20
  6197 | D:5      | Noticed Prince Ribbit
  6205 | D:5      | Killed Prince Ribbit
  6206 | D:5      | Reached skill level 7 in Spellcasting
  6805 | D:5      | Found a shimmering altar of Xom.
  7053 | D:6      | Noticed Edmund
  7067 | D:6      | Found a bloodstained altar of Trog.
  7067 | D:6      | Killed Edmund
  7080 | D:5      | Slain by a black bear

Illustrated notes

Levels and vault maps discovered:
D:1:      lemuel_arrival_cross, layout_basic, solitary_fountain
D:2:      minmay_alternating_diamond, layout_loops_ring, marbit_many_paths,
          lemuel_round_altar, uniq_natasha
D:3:      layout_basic, biasface_ghost_orc_armoury
D:4:      layout_basic
D:5:      wad_river_or_something, layout_loops_ring, tgw_xom,
          overflow_temple_1_default, nicolae_ossuary_entry_monument,
          uniq_menkaure, uniq_prince_ribbit1
D:6:      layout_basic, minmay_temple_entry_ruins, gup_sewer_entry_bowl,
          trog_ov_bears_minmay, uniq_pikel, uniq_edmund

Skill      XL: |  1  2  3  4  5  6  7  8 |
---------------+-------------------------+-----
Fire Magic     | 4 5 6 |  6.9
Conjurations   | 2 3 5 6 |  6.5
Spellcasting   | 4 5 6 7 |  7.8
Dodging        | 3 |  3.4
Stealth        | 3 |  3.4
Axes           | 1 |  1.4
Fighting       | |  0.9
Unarmed Combat | |  0.7

Action                   |  1- 3 |  4- 6 |  7- 9 || total
-------------------------+-------+-------+-------++-------
Melee: Unarmed           |     4 |     3 |       ||     7
       Spear             |       |    19 |       ||    19
       Short sword       |       |     1 |       ||     1
       Hand axe          |       |     5 |    40 ||    45
 Cast: Foxfire           |    50 |   206 |    74 ||   330
       Sticky Flame      |       |     1 |    16 ||    17
  Use: Scroll            |       |    11 |     3 ||    14
       Potion            |       |     2 |     1 ||     3
 Stab: Sleeping          |       |       |     1 ||     1
Armor: Robe              |     1 |    17 |     4 ||    22
       Skin              |       |     1 |       ||     1
Dodge: Dodged            |     8 |    76 |    45 ||   129

Table legend: (Time is in decaauts)
 A = Elapsed time spent in this place.
 B = Non-inter-level travel time spent in this place.
 C = Inter-level travel time spent in this place.
 D = Time resting spent in this place.
 E = Time spent auto-exploring this place.
 F = Levels seen in this place.
 G = Mean time per level.
                   A        B        C        D        E       F      G
               +--------+--------+--------+--------+--------+-----+--------+
         Total |   7096 |   6886 |    210 |    241 |   5465 |   7 | 1013.7 |
       Dungeon |   6885 |   6675 |    210 |    234 |   5465 |   6 | 1147.5 |
       Ossuary |    211 |    211 |      0 |      7 |      0 |   1 |  211.0 |
               +--------+--------+--------+--------+--------+-----+--------+

Top non-repeatable levels by time:
     D:5: 2041 daAuts
     D:2: 1684 daAuts
     D:1: 1309 daAuts
     D:4: 1005 daAuts
     D:3: 795 daAuts
 Ossuary: 211 daAuts
     D:6: 49 daAuts
